Map: [ESL] Dragon Scales

Players

DRG

  • Race: Zerg Zerg

Solar - Winner!

  • Race: Zerg Zerg

Event: IEM Katowice 2023

VOD

Have the link to the VOD?

Description

Time

  • Played on: Feb. 11, 2023, 7:30 a.m.
  • Length: 8:25

All games in this series

Show
View Real Time Build Order
Export as new Build Order

DRG Zerg 

Build Orders: Hatch First 

Get SALT Encoding   

  12  0:00  Drone  
  13  0:12  Overlord  
  13  0:17  Drone  
  14  0:30  Drone x2  
  16  0:48  Hatchery  
  15  0:50  Drone  
  15  0:54  Drone  
  15  0:57  Drone  
  18  1:09  Extractor  
  17  1:13  Spawning Pool  
  17  1:15  Drone  
  17  1:19  Drone  
  18  1:27  Drone  
  19  1:38  Drone  
  20  1:49  Drone  
  21  2:00  Overlord, Queen x2  
  25  2:01  Drone  
  26  2:10  Drone  
  26  2:11  Drone  
  26  2:12  Metabolic Boost  
  28  2:21  Drone  
  28  2:22  Drone  
  30  2:32  Drone x2  
  30  2:35  Queen  
  30  2:36  Queen  
  36  2:43  Overlord  
  36  2:46  Baneling Nest  
  36  2:50  Drone  
  36  2:55  Overlord  
  36  3:02  Drone  
  37  3:08  Zergling x12  
  37  3:11  Zergling x2  
  44  3:15  Zergling x2  
  45  3:21  Overlord  
  45  3:30  Hatchery  
  44  3:34  Drone x3  
  47  3:45  Baneling x4, Drone x3  
  47  3:48  Drone  
  51  3:52  Drone  
  52  3:55  Evolution Chamber  
  52  3:56  Drone x2  
  52  3:59  Zergling x2  
  54  4:07  Zergling x6  
  53  4:11  Zergling x2  
  53  4:15  Zergling x2  
  52  4:18  Baneling x2  
  52  4:21  Zergling x12  
  57  4:26  Zergling x2  
  58  4:32  Roach Warren, Zergling x2  
  58  4:36  Extractor  
  58  4:37  Extractor  
  55  4:42  Drone  
  55  4:43  Drone  
  57  4:49  Zerg Missile Weapons Level 1  
  56  4:53  Drone x7  
  63  5:00  Overlord  
  63  5:12  Overlord  
  61  5:14  Roach x2  
  61  5:18  Overlord x2  
  61  5:20  Drone x3  
  68  5:22  Drone  
  68  5:25  Drone  
  68  5:27  Lair, Drone x3  
  73  5:31  Overlord  
  73  5:38  Drone  
  73  5:39  Drone x4  
  73  5:40  Drone  
  79  5:47  Roach x3  
  85  5:50  Roach  
  85  5:51  Roach  
  85  5:52  Roach  
  85  5:55  Extractor  
  89  5:57  Roach x2  
  89  5:59  Overlord  
  89  6:02  Overlord  
  93  6:06  Roach  
  93  6:07  Overlord  
  93  6:09  Roach  
  97  6:11  Roach  
  97  6:13  Roach  
  97  6:17  Drone  
  97  6:18  Drone x3  
  105  6:19  Drone  
  105  6:20  Extractor  
  105  6:21  Extractor  
  104  6:26  Drone x3  
  104  6:30  Drone, Spire  
  104  6:31  Drone  
  108  6:34  Drone x3  
  111  6:41  Drone  
  112  6:48  Overlord  
  112  6:50  Roach x3  
  112  6:51  Overseer  
  112  6:54  Drone x3  
  121  6:56  Overlord  
  121  6:58  Glial Reconstitution  
  121  7:08  Hatchery  
  121  7:10  Overlord  
  121  7:12  Roach x2  
  124  7:17  Drone  
  124  7:18  Drone  
  124  7:19  Roach x3  
  132  7:25  Roach x2  
  132  7:26  Roach  
  132  7:27  Spine Crawler x2  
  132  7:28  Roach  
  132  7:29  Spine Crawler  
  138  7:30  Roach  
  138  7:33  Roach x2  
  138  7:35  Roach  
  138  7:36  Ravager x3  
  149  7:39  Roach x2  
  149  7:40  Overlord  
  154  7:47  Roach x3  
  145  7:52  Roach x5  
  145  7:55  Roach  
  130  7:59  Roach x3  
  130  8:02  Roach x2  
  130  8:04  Roach  
  124  8:06  Roach  
Show
View Real Time Build Order
Export as new Build Order

Solar Zerg - Winner!

Build Orders: Hatch First 

Get SALT Encoding   

  12  0:00  Drone  
  13  0:12  Overlord  
  13  0:16  Drone  
  14  0:30  Drone x2  
  16  0:47  Hatchery  
  15  0:51  Drone  
  15  0:55  Drone  
  17  0:58  Drone  
  18  1:09  Extractor  
  17  1:13  Spawning Pool  
  17  1:16  Drone  
  17  1:19  Drone  
  18  1:28  Drone  
  19  1:39  Drone  
  20  1:57  Drone  
  20  1:59  Queen  
  20  2:00  Queen, Zergling x2  
  20  2:01  Overlord  
  26  2:10  Drone  
  26  2:11  Drone  
  26  2:12  Metabolic Boost  
  28  2:21  Drone  
  28  2:22  Drone  
  30  2:33  Hatchery  
  30  2:36  Drone  
  30  2:42  Queen  
  32  2:50  Overlord  
  32  2:52  Drone, Zergling x2  
  35  2:58  Drone, Evolution Chamber  
  35  3:00  Drone  
  34  3:06  Drone  
  34  3:09  Drone  
  34  3:10  Zergling x4  
  34  3:12  Zergling x2  
  39  3:14  Drone  
  39  3:17  Drone  
  41  3:25  Zerg Ground Armor Level 1  
  41  3:27  Overlord  
  41  3:29  Zergling x2  
  41  3:31  Zergling x2  
  43  3:38  Roach Warren  
  43  3:39  Zergling x2  
  43  3:46  Zergling x2  
  43  3:47  Zergling x6  
  47  3:50  Zergling x2  
  47  3:53  Zergling x4  
  50  3:57  Extractor, Drone  
  50  4:02  Overlord  
  50  4:04  Drone  
  50  4:09  Drone  
  47  4:13  Drone  
  47  4:14  Drone x2  
  49  4:21  Roach x3  
  49  4:22  Roach  
  57  4:26  Overlord  
  57  4:30  Roach  
  59  4:35  Roach x2  
  63  4:40  Roach  
  64  4:48  Roach x2  
  64  4:52  Drone x4  
  70  4:55  Overlord  
  70  4:58  Drone  
  71  5:02  Drone  
  71  5:05  Drone  
  73  5:07  Extractor  
  73  5:09  Lair  
  71  5:15  Zergling x8  
  71  5:17  Drone  
  71  5:18  Drone  
  71  5:21  Drone x2  
  79  5:24  Overlord  
  79  5:30  Drone  
  79  5:31  Drone  
  79  5:32  Drone  
  79  5:35  Overlord  
  81  5:37  Overlord  
  81  5:43  Zerg Missile Weapons Level 1, Roach x2  
  81  5:47  Overlord  
  81  5:49  Drone  
  86  5:53  Drone x4  
  86  5:56  Drone  
  89  5:57  Drone  
  89  5:59  Drone  
  89  6:00  Drone  
  92  6:08  Glial Reconstitution  
  92  6:09  Overlord  
  92  6:12  Extractor  
  92  6:13  Extractor, Roach x3, Overseer  
  92  6:17  Drone  
  92  6:18  Drone  
  98  6:21  Roach  
  98  6:22  Roach x2  
  104  6:27  Roach x2  
  104  6:32  Overlord x2  
  108  6:36  Roach x3  
  108  6:39  Overlord  
  113  6:43  Roach x2  
  117  6:49  Roach x2  
  117  6:51  Overlord  
  117  6:53  Roach x2  
  125  6:58  Roach x2  
  125  7:01  Roach x2  
  133  7:04  Roach  
  133  7:08  Roach x2  
  139  7:09  Overlord  
  139  7:11  Roach  
  139  7:13  Roach  
  139  7:15  Roach  
  145  7:18  Roach  
  145  7:19  Roach  
  145  7:21  Roach  
  151  7:23  Roach  
  151  7:24  Overlord  
  151  7:29  Roach x2  
  157  7:33  Overlord  
  157  7:35  Roach x2  
  161  7:39  Overlord  
  161  7:43  Overlord  
  161  7:46  Roach x2  
  161  7:47  Roach x2  
  161  7:49  Roach  
  160  7:52  Roach  
  160  7:54  Roach x2  
  148  7:59  Roach x2  
  148  8:01  Roach  
  148  8:05  Roach x2  

Tags
 
Add a new tag
Caveats
  • Supply blocks, unpowered buildings, or Contaminate may cause inaccurate times.
  • Supply counts are checked every 10 seconds.